Selects Airborne Battlegroup
Selects Heavy Machine Gun Paradrop
Selects Heavy Machine Gun Paradrop
Heavy Machine Gun Paradrop
Heavy Machine Gun Paradrop
Selects Paratrooper Squad Paradrop
Paratrooper Squad Paradrop
Mechanized Support Center
Selects Anti-tank Gun Team Paradrop
M4A1(76) Sherman Medium Tank
M4A1(76) Sherman Medium Tank
Paratrooper Squad Paradrop
M4A1(76) Sherman Medium Tank
Selects Carpet Bombing Run
M4A1(76) Sherman Medium Tank
Paratrooper Squad Paradrop
M4A1(76) Sherman Medium Tank
M4A1(76) Sherman Medium Tank
M4A1(76) Sherman Medium Tank
M4A1(76) Sherman Medium Tank
M4A1(76) Sherman Medium Tank